 Dungeon Crawl Stone Soup version 0.31-a0-1009-g454b1f1e0a (webtiles) character file.

Game seed: 12104865456329146415

8 Azuregosa the Sneak (level 2, -2/21 HPs)
             Began as an Octopode Delver on Nov 15, 2023.
             Slain by an orc
             ... wielding a +0 club
              (3 damage)
             ... on level 4 of the Dungeon.
             The game lasted 00:01:47 (229 turns).

Azuregosa the Sneak (Octopode Delver)                Turns: 229, Time: 00:01:48

Health: -2/21      AC:  1    Str: 11    XL:     2   Next: 8%
Magic:  2/2        EV: 13    Int: 12    God:
Gold:   9          SH:  0    Dex: 13    Spells: 1/1 levels left

rFire   . . .        g - +0 spear
rCold   . . .        (no shield)
rNeg    . . .        (helmet restricted)
rPois   .            (no amulet)
rElec   .            (no ring)
rCorr   .            (no ring)
SInv    .            (no ring)
Will    .....        (no ring)
Stlth   ++++         (no ring)
HPRegen 0.23/turn    (no ring)
MPRegen 0.08/turn    (no ring)
                     (no ring)

%: no passive effects
@: no status effects
A: almost no armour, amphibious, 8 rings, camouflage 1, gelatinous body 1,
(nimble swimmer 1), tentacles
a: no special abilities


You were on level 4 of the Dungeon.
You visited 1 branch of the dungeon, and saw 2 of its levels.

You collected 9 gold pieces.

Inventory:

Hand Weapons
 a - a +0 hand axe
 g - a +0 spear (weapon)
Wands
 f - a wand of digging (6)
Scrolls
 b - a scroll of fog
 c - a scroll of revelation
Potions
 e - a potion of haste


   Skills:
 - Level 3.0 Fighting
 - Level 2.0 Axes
 - Level 2.0 Dodging
 + Level 7.2 Stealth


You had one spell level left.
You didn't know any spells.
Your spell library was empty.

Dungeon Overview and Level Annotations

Branches:
Dungeon (5/15)
 Temple: D:4-7

Altars:


Innate Abilities, Weirdness & Mutations

You cannot wear most types of armour.
You are amphibious.
You can wear up to eight rings at the same time.
Your skin changes colour to match your surroundings (Stealth+).
Your rubbery body absorbs attacks. (AC +1, EV +1)
((You are camouflaged when in or above water. (Stealth+)))
You have tentacles for arms and can constrict up to eight enemies at once.


Message History

You start resting.
An orc is nearby!
You start resting.
HP restored.
You closely miss the orc.
The orc shouts! x2
Your grab misses the orc.
The orc hits you with a +0 short sword of holy wrath.
You hit the orc. You grab the orc. You squeeze the orc.
You kill the orc!
Your Stealth skill increases to level 7!
You see here a +0 short sword of holy wrath.
You hit the orc but do no damage. Your grab misses the orc.
You squeeze the orc.
The orc is almost dead.
You hit the orc but do no damage. You grab the orc.
You constrict the orc, but do no damage.
You hit the orc.
The orc is lightly wounded.
You constrict the orc, but do no damage.
The orc hits you with a +0 club. The orc barely misses you.
The orc hits you with a +0 hand axe!
Ouch! That really hurt!
* * * LOW HITPOINT WARNING * * *
You closely miss the orc. You grab the orc. Your squeeze misses the orc.
The orc is almost dead.
You constrict the orc, but do no damage.
You constrict the orc.
You kill the orc!
The orc misses you.
You have reached level 2!
The orc wizard shouts!
You hit the orc but do no damage. Your squeeze misses the orc.
You constrict the orc. The orc hits you with a +0 club.
* * * LOW HITPOINT WARNING * * *
You hit the orc but do no damage.
The orc is moderately wounded.
You constrict the orc, but do no damage.
The orc hits you with a +0 club.
You die...

#.# #.....
#.# .....#
#.o... #.#
.....# .oo...
#.# ##.....##
#.# #......o.
#.# #....o.#
#.# #......#
#.# #)o....#
#.# #@#
##.####.#
###.......#
###...#######
#...### #.###
##.# #
#..###.#
#......#


You could see 2 orc wizards and an orc.

Vanquished Creatures
  A dart slug (D:4)
  2 orcs (D:4)
  A ball python (D:4)
4 creatures vanquished.

Notes
Turn   | Place    | Note
-------+----------+-------------------------------------------
     0 | D:5      | Azuregosa the Octopode Delver began the quest for the Orb.
     0 | D:5      | Reached XP level 1. HP: 16/16 MP: 1/1
    33 | D:5      | Noticed an orc priest
    69 | D:4      | Noticed an orc wizard
    69 | D:4      | Noticed an orc wizard
   145 | D:4      | Noticed an iguana
   223 | D:4      | Reached skill level 7 in Stealth
   228 | D:4      | Reached XP level 2. HP: 5/21 MP: 2/2
   228 | D:4      | HP: 1/21 [orc/+0 club (4)]
   229 | D:4      | Slain by an orc

Illustrated notes

Levels and vault maps discovered:
D:4:      layout_basic, mainiacjoe_overflow_alcove_4, bh_walls_and_bars
D:5:      layout_cave_pods, uniq_pikel, uniq_prince_ribbit1

Skill      XL: |  1 |
---------------+----+-----
Stealth        | 7 |  7.2
Fighting       | |  3.0
Axes           | |  2.0
Dodging        | |  2.0

Action                     || total
---------------------------++-------
  Melee: Spear             ||    19
         Constrict         ||     6
         Tentacles         ||     4
    Use: Scroll            ||     1
   Stab: Sleeping          ||     1
 Armour: Skin              ||     9
  Dodge: Dodged            ||     6

Table legend: (Time is in decaauts)
 A = Elapsed time spent in this place.
 B = Non-inter-level travel time spent in this place.
 C = Inter-level travel time spent in this place.
 D = Time resting spent in this place.
 E = Time spent auto-exploring this place.
 F = Levels seen in this place.
 G = Mean time per level.
                   A        B        C        D        E       F      G
               +--------+--------+--------+--------+--------+-----+--------+
         Total |    229 |    229 |      0 |     49 |     38 |   2 |  114.5 |
       Dungeon |    229 |    229 |      0 |     49 |     38 |   2 |  114.5 |
               +--------+--------+--------+--------+--------+-----+--------+

Top non-repeatable levels by time:
     D:4: 192 daAuts
     D:5: 36 daAuts
